 Dungeon Crawl Stone Soup version 0.30-a0-956-gcec3b41aec (webtiles) character file.

Game seed: 10249378020279433121

30 zero the Digger (level 3, -3/19 HPs)
             Began as a Deep Elf Earth Elementalist on Mar 29, 2023.
             Slain by an orc
             ... wielding a +0 hand axe
              (6 damage)
             ... on level 4 of the Dungeon.
             The game lasted 00:01:50 (1147 turns).

zero the Digger (Deep Elf Earth Elementalist)       Turns: 1147, Time: 00:01:50

Health: -3/19      AC:  2    Str:  5    XL:     3   Next: 5%
Magic:  9/9        EV: 12    Int: 21    God:
Gold:   71         SH:  0    Dex: 15    Spells: 4/8 levels left

rFire   . . .      SeeInvis .    e - staff of conjuration {!a}
rCold   . . .      Faith    .    (no shield)
rNeg    . . .      Spirit   .    a - +0 robe
rPois   .          Reflect  .    (no helmet)
rElec   .          Rampage  .    (no cloak)
rCorr   .                        (no gloves)
Will    .....                    (no boots)
Stlth   ++                       (no amulet)
HPRegen 0.23/turn                (no ring)
MPRegen 0.11/turn                (no ring)

@: no status effects
A: no striking features
a: no special abilities


You were on level 4 of the Dungeon.
You visited 1 branch of the dungeon, and saw 3 of its levels.

You collected 71 gold pieces.

Inventory:

Armour
 a - a +0 robe (worn)
Magical Staves
 e - a staff of conjuration (weapon) {!a}
Jewellery
 i - a ring of protection from fire
Scrolls
 d - 2 scrolls of enchant weapon {unknown}
 f - 2 scrolls of identify {unknown}
 g - a scroll of teleportation {unknown}
 j - 2 scrolls of poison {unknown}
 k - a scroll of fear {unknown}
Potions
 h - a potion of attraction


   Skills:
 - Level 2.4 Dodging
 - Level 2.4 Stealth
 * Level 3.1 Spellcasting
 - Level 1.1 Transmutations
 + Level 4.6 Earth Magic


You had 4 spell levels left.
You knew the following spells:

 Your Spells              Type           Power      Damage    Failure   Level
a - Sandblast             Erth           44%        2d11      1%          1
b - Stone Arrow           Conj/Erth      38%        3d9       16%         3

Your spell library contained the following spells:

 Spells                   Type           Power      Damage    Failure   Level
 Passwall                 Tmut/Erth      12%        N/A       6%          2
 Vhi's Electric Charge    Tloc/Air       6%         N/A       36%         3
 Petrify                  Tmut/Erth      15%        N/A       38%         4
 Arcjolt                  Conj/Air       2%         1d12      98%         5
 Maxwell's Capacitive Co  Air            1%         ∞         100%        8


Dungeon Overview and Level Annotations

Branches:
Dungeon (2/15)

Altars:


Message History

No target in view!
You can't see any susceptible monsters within range! (Use Z to cast anyway.)
f - 2 scrolls labelled HUOHOMMONA (gained 1)
A sourceless malevolence fills the Dungeon...
You fall into a shaft and drop 2 floors!
The shaft crumbles and collapses.
Found 18 gold pieces.
An iguana comes into view.
Found a stone staircase leading up.
A hobgoblin comes into view.
The hobgoblin shouts!
You hear a shout!
The hobgoblin moves out of view.
An orc and an orc priest come into view.
An orc comes into view. It is wielding a +0 hand axe.
The orc priest moves out of view.
Found a stone staircase leading up.
An orc comes into view. It is wielding a +0 dagger. x2
The orc moves out of view.
The orc hits you with a +0 hand axe!
A giant cockroach comes into view.
You barely miss the orc.
The orc shouts!
The orc priest shouts!
The orc shouts!
You hear a shout!
An adder comes into view.
The orc hits you with a +0 hand axe. The orc misses you.
The iguana hisses angrily.
You hit the orc.
The orc is lightly wounded.
The orc hits you with a +0 hand axe. The orc closely misses you.
The hobgoblin hits you.
* * * LOW HITPOINT WARNING * * *
You closely miss the orc.
The orc is lightly wounded.
A giant cockroach comes into view.
The orc closely misses you. x2; The hobgoblin hits you.
* * * LOW HITPOINT WARNING * * *
The giant cockroach moves out of view.
You hit the orc.
The orc is heavily wounded.
The orc hits you with a +0 hand axe.
You die...

..$...#..........
.......###.####...
...... #.# ##...
......# #.##...#.
....... #........
...<... #..##.###
....... #.#...#
...ol.o###.#.###
...Sooo@g....#
.........#..##
......#.......#
.####.....B....#
#...........#
#...........#
#...........#
#...<......##


You could see an iguana, an orc priest, an adder, 4 orcs, a giant cockroach and
a hobgoblin.

Vanquished Creatures
  2 endoplasms
  4 hobgoblins
  7 jackals (D:2)
  2 kobolds (D:1)
  2 quokkas (D:2)
  2 ball pythons
  3 frilled lizards
  3 goblins
  A rat (D:1)
26 creatures vanquished.

Notes
Turn   | Place    | Note
-------+----------+-------------------------------------------
     0 | D:1      | zero the Deep Elf Earth Elementalist began the quest for
                  | the Orb.
     0 | D:1      | Reached XP level 1. HP: 10/10 MP: 6/6
   596 | D:1      | Reached XP level 2. HP: 15/15 MP: 6/8
   649 | D:1      | Reached skill level 4 in Earth Magic
  1072 | D:2      | Reached XP level 3. HP: 13/19 MP: 7/9
  1076 | D:2      | Learned a level 3 spell: Stone Arrow
  1128 | D:2      | You fall into a shaft and drop 2 floors!
  1147 | D:4      | Slain by an orc

Illustrated notes

Levels and vault maps discovered:
D:1:      saegor_arrival_simple_c, layout_loops_ring
D:2:      layout_basic, amcnicky_mini_corridor_feature,
          minmay_randomly_rotated_circles
D:4:      layout_rooms, minmay_temple_entry_tees, kennysheep_windowed_goal

Skill      XL: |  1  2 |
---------------+-------+-----
Earth Magic    | 4 |  4.6
Dodging        | |  2.4
Stealth        | |  2.4
Spellcasting   | |  3.1
Transmutations | |  1.1

Action                     || total
---------------------------++-------
  Melee: Staff             ||     9
   Cast: Sandblast         ||    36
    Use: Potion            ||     2
         Scroll            ||     1
 Armour: Robe              ||     9
  Dodge: Dodged            ||    39

Table legend: (Time is in decaauts)
 A = Elapsed time spent in this place.
 B = Non-inter-level travel time spent in this place.
 C = Inter-level travel time spent in this place.
 D = Time resting spent in this place.
 E = Time spent auto-exploring this place.
 F = Levels seen in this place.
 G = Mean time per level.
                   A        B        C        D        E       F      G
               +--------+--------+--------+--------+--------+-----+--------+
         Total |   1165 |   1155 |     10 |    105 |    849 |   3 |  388.3 |
       Dungeon |   1165 |   1155 |     10 |    105 |    849 |   3 |  388.3 |
               +--------+--------+--------+--------+--------+-----+--------+

Top non-repeatable levels by time:
     D:1: 793 daAuts
     D:2: 352 daAuts
     D:4: 19 daAuts
